 Dungeon Crawl Stone Soup version 0.28-a0-881-gae16bb6c82 (webtiles) character file.

Game seed: 11654148818134062488

3569 BinkBink the Grappler (level 9, -2/85 HPs)
             Began as a Troll Monk on Nov 21, 2021.
             Succumbed to a hornet's poison
             ... while paralysed by a hornet
             ... on level 8 of the Dungeon.
             The game lasted 00:13:17 (5996 turns).

BinkBink the Grappler (Troll Monk)                  Turns: 5996, Time: 00:13:18

Health: -2/85      AC:  8    Str: 22    XL:     9   Next: 84%
Magic:  1/8        EV:  1    Int:  8    God:
Gold:   406        SH:  0    Dex: 12    Spells: 8/8 levels left

rFire   + . .      SeeInvis .     - Unarmed
rCold   . . .      Faith    .   (no shield)
rNeg    . . .      Spirit   +   l - +0 steam dragon scales
rPois   .          Reflect  .   (helmet restricted)
rElec   .          Harm     .   (no cloak)
rCorr   .          Rampage  .   (gloves unavailable)
Will    +....                   (boots unavailable)
Stlth   ++........              x - amulet of guardian spirit
HPRegen 1.24/turn               e - ring of protection from fire
MPRegen 0.11/turn               y - ring of willpower

@: paralysed, lethally poisoned (-2 -> -14), slowed
A: large, unfitting armour, claws 3, regeneration 1, shaggy fur 1, tough skin 1
a: no special abilities


You were on level 8 of the Dungeon.
You visited 1 branch of the dungeon, and saw 8 of its levels.

You collected 406 gold pieces.

Inventory:

Armour
 a - a +0 robe
 i - a +0 hat
 l - +0 steam dragon scales (worn)
 o - the +8 kite shield "Jimu" {Dex+2}
   (You found it on level 7 of the Dungeon)

   Dex:       It affects your dexterity (+2).
Jewellery
 e - a ring of protection from fire (left claw)
 f - a ring of fire
 r - a +6 ring of intelligence
 x - an amulet of guardian spirit (around neck)
 y - a ring of willpower (right claw)
Wands
 c - a wand of digging (8)
 z - a wand of charming (10)
 A - a wand of paralysis (6)
Scrolls
 b - 8 scrolls of identify {unknown}
 d - 5 scrolls of enchant armour {unknown}
 g - 2 scrolls of fog {unknown}
 h - 2 scrolls of vulnerability {unknown}
 j - a scroll of holy word {unknown}
 k - a scroll of magic mapping {unknown}
 q - 2 scrolls of teleportation {unknown}
 s - 2 scrolls of immolation {unknown}
 u - a scroll of blinking {unknown}
 v - a scroll of fear {unknown}
 w - a scroll of amnesia {unknown}
Potions
 m - 2 potions of lignification
 p - 2 potions of might {unknown}
 t - 3 potions of brilliance
 B - 2 potions of invisibility {unknown}


   Skills:
 + Level 4.4 Fighting
 * Level 5.0 Armour
 + Level 5.6 Dodging
 - Level 1.0 Stealth
 + Level 10.7 Unarmed Combat


You had 8 spell levels left.
You didn't know any spells.
Your spell library contained the following spells:

 Spells                   Type           Power      Damage    Failure   Level
 Foxfire                  Conj/Fire      0%         2x1d4     41%         1
 Corpse Rot               Necr/Air       0%         N/A       54%         2
 Poisonous Vapours        Pois/Air       0%         N/A       54%         2
 Conjure Flame            Conj/Fire      0%         6-21      78%         3
 Gell's Gravitas          Tloc           0%         N/A       78%         3
 Inner Flame              Hex/Fire       0%         N/A       78%         3
 Teleport Other           Tloc           0%         N/A       78%         3
 Flame Wave               Conj/Fire      0%         3d3       99%         4
 Dispersal                Tloc           0%         N/A       100%        6


Dungeon Overview and Level Annotations

Branches:
Dungeon (8/15)             Temple (0/1) D:7
   Lair: D:8-11

Altars:

Shops:
D:1 (   D:7 [


Innate Abilities, Weirdness & Mutations

You are too large for most types of armour.
You have claws for hands.
Your natural rate of healing is unusually fast.
You are covered in fur. (AC +1)
You have tough skin. (AC +1)


Message History

The killer bee zombie closely misses you.
The hornet barely misses you.
You mangle the hornet!!
The hornet is severely wounded.
You feel yourself speed up. The hornet barely misses you.
The orc warrior closely misses you. The hornet stings you!
You feel yourself slow down.
The orc warrior hits you from afar with a +0 glaive!
You closely miss the hornet.
The hornet is severely wounded.
The hornet stings you.
You suddenly lose the ability to move!
The hornet stings you!
You shrug off the repeated paralysis!
The orc warrior hits you from afar with a +0 glaive!
You can move again.
You scratch the hornet. You claw the hornet, but do no damage.
The hornet is severely wounded.
You feel yourself speed up. The hornet stings you.
You are poisoned.
You feel yourself slow down.
The orc warrior hits you from afar with a +0 glaive!
* * * LOW HITPOINT WARNING * * *
The hornet closely misses you.
You feel much better.
You feel very sick. The hornet closely misses you.
The orc warrior hits you from afar with a +0 glaive!!
* * * LOW HITPOINT WARNING * * *
The hornet stings you.
* * * LOW HITPOINT WARNING * * *
You are more poisoned.
You suddenly lose the ability to move!
You feel very sick. The hornet stings you.
* * * LOW HITPOINT WARNING * * *
You are lethally poisoned!
You feel as though you will be slow longer.
The orc warrior hits you from afar with a +0 glaive.
* * * LOW HITPOINT WARNING * * *
You die...

...........#
...........#### ###
#######.......#### #.#
###.###....# ###.#
#..#####.####...# ###
##..# #......#.###..
##.## #####..#.##..#
#..# ##......# ##@#
#....#....## #y#
#.##.#.##.##
.....ooZ.......#.#.##...
...o..#.######.#.#.####.
......#.# ..#.# #. .....
#.# #.# #. ..... #.# ..
.. .... #.# .. ##. ####
#.# #.


You could see a hornet, an orc warrior and a killer bee zombie.

Vanquished Creatures
  Maggie (D:6)
  A steam dragon (D:8)
  A hornet zombie (D:7)
  2 orc warriors
  2 sky beasts
  An ice beast (D:7)
  2 necrophages
  An ogre (D:5)
  A centaur (D:6)
  2 phantoms
  A kobold brigand (D:6)
  4 bullfrogs
  2 scorpions (D:5)
  A wyvern zombie (D:7)
  A water moccasin skeleton (D:7)
  5 killer bees (D:7)
  15 wights
  A howler monkey (D:6)
  A centaur zombie (D:7)
  2 hounds
  A centaur skeleton (D:6)
  4 orc priests
  2 bullfrog skeletons (D:4)
  5 iguanas
  4 orc wizards
  A hound skeleton (D:4)
  Robin (D:2)
  4 adders
  A white imp (D:5)
  2 ufetubi
  An adder skeleton (D:4)
  A worm (D:2)
  19 orcs
  6 bats
  8 endoplasms
  A giant cockroach (D:1)
  8 goblins
  8 hobgoblins
  5 jackals
  9 kobolds
  3 quokkas
  7 ball pythons
  2 frilled lizards
  3 rats
153 creatures vanquished.

Notes
Turn   | Place    | Note
-------+----------+-------------------------------------------
     0 | D:1      | BinkBink the Troll Monk began the quest for the Orb.
     0 | D:1      | Reached XP level 1. HP: 22/22 MP: 0/0
   158 | D:1      | Reached XP level 2. HP: 26/29 MP: 1/1
   163 | D:1      | Found Cielam's Antique Weapon Shoppe.
   307 | D:1      | Found a faded altar of an unknown god.
   748 | D:2      | Reached XP level 3. HP: 36/36 MP: 2/2
  1068 | D:2      | Noticed Robin
  1085 | D:2      | Killed Robin
  1092 | D:2      | Reached XP level 4. HP: 34/45 MP: 3/3
  1134 | D:2      | You fall into a shaft and drop 2 floors!
  1173 | D:3      | Reached skill level 4 in Unarmed Combat
  1327 | D:3      | Reached skill level 1 in Armour
  1529 | D:3      | Reached XP level 5. HP: 53/53 MP: 4/4
  2102 | D:4      | Noticed a phantom
  2110 | D:4      | Killed a phantom
  2111 | D:4      | Reached skill level 5 in Unarmed Combat
  2111 | D:4      | Reached XP level 6. HP: 55/61 MP: 5/5
  2313 | D:5      | Entered Level 5 of the Dungeon
  2325 | D:5      | Noticed a sky beast
  2417 | D:4      | Killed a sky beast
  2575 | D:5      | Reached skill level 6 in Unarmed Combat
  2575 | D:5      | Reached XP level 7. HP: 67/67 MP: 6/6
  3920 | D:6      | Reached skill level 7 in Unarmed Combat
  4044 | D:5      | Reached XP level 8. HP: 27/76 MP: 7/7
  4278 | D:6      | Reached skill level 8 in Unarmed Combat
  4278 | D:6      | Noticed Maggie
  4294 | D:6      | Killed Maggie
  4691 | D:6      | Reached skill level 9 in Unarmed Combat
  4691 | D:6      | Reached XP level 9. HP: 84/84 MP: 8/8
  5013 | D:7      | Reached skill level 5 in Dodging
  5035 | D:7      | Identified the +8 kite shield "Jimu" {Dex+2}
  5305 | D:7      | Reached skill level 10 in Unarmed Combat
  5352 | D:7      | Found Ufezo's Armour Shop.
  5523 | D:7      | Paralysed by a wight for 2 turns
  5768 | D:7      | Found a staircase to the Ecumenical Temple.
  5945 | D:8      | Reached skill level 5 in Armour
  5992 | D:8      | Paralysed by a hornet for 1 turns
  5994 | D:8      | Paralysed by a hornet for 3 turns
  5995 | D:8      | HP: 1/85 [orc warrior (5)]
  5996 | D:8      | Succumbed to a hornet's poison

Illustrated notes

Levels and vault maps discovered:
D:1:      eino_arrival_druids_welcome, layout_rooms,
          chequers_ecumenical_altar_island, serial_shops, shop
D:2:      layout_basic, serial_curves, eino_curves_01, eino_curves_03,
          uniq_robin
D:3:      layout_basic
D:4:      layout_gridville
D:5:      mumra_celtic_spiral_tile, layout_loops_corners,
          chequers_serial_rivers_micro_c
D:6:      layout_layer_cave, minmay_diced_spiral, uniq_maggie
D:7:      layout_basic, minmay_temple_entry_from_below_b, serial_shops,
          nicolae_square_shop
D:8:      layout_rooms

Skill      XL: |  1  2  3  4  5  6  7  8  9 |
---------------+----------------------------+-----
Fighting       | 3 4 |  4.4
Unarmed Combat | 4 5 6 7 9 10 | 10.7
Armour         | 1 2 3 4 5 |  5.0
Dodging        | 3 4 5 |  5.6
Stealth        | |  1.0

Action                   |  1- 3 |  4- 6 |  7- 9 || total
-------------------------+-------+-------+-------++-------
Melee: Unarmed           |    74 |   148 |   269 ||   491
       Punch             |     3 |     3 |    20 ||    26
  Use: Potion            |       |       |    10 ||    10
 Stab: Sleeping          |       |     2 |     1 ||     3
Armor: Robe              |    28 |    40 |    26 ||    94
       Skin              |       |       |     3 ||     3
       Steam dragon scal |       |       |    34 ||    34
Dodge: Dodged            |    36 |    55 |   168 ||   259

Table legend: (Time is in decaauts)
 A = Elapsed time spent in this place.
 B = Non-inter-level travel time spent in this place.
 C = Inter-level travel time spent in this place.
 D = Time resting spent in this place.
 E = Time spent auto-exploring this place.
 F = Levels seen in this place.
 G = Mean time per level.
                   A        B        C        D        E       F      G
               +--------+--------+--------+--------+--------+-----+--------+
         Total |   5936 |   5400 |    536 |      0 |   4204 |   8 |  742.0 |
       Dungeon |   5936 |   5400 |    536 |      0 |   4204 |   8 |  742.0 |
               +--------+--------+--------+--------+--------+-----+--------+

Top non-repeatable levels by time:
     D:5: 1801 daAuts
     D:2: 866 daAuts
     D:7: 848 daAuts
     D:6: 766 daAuts
     D:3: 650 daAuts
     D:4: 470 daAuts
     D:1: 391 daAuts
     D:8: 140 daAuts
